Map: Eastwatch LE

Players

Ascarecrow - Winner!

  • Race: Zerg Zerg
  • League: Master
  • Spawn Location: 7:00

syakainogomi

  • Race: Zerg Zerg
  • League: Master
  • Spawn Location: 1:00

VOD

Have the link to the VOD?

Description

Time

  • Played on: Jan. 25, 2018, 2:50 a.m.
  • Length: 18:25
Show
View Real Time Build Order
Export as new Build Order

Ascarecrow Zerg - Winner!

Build Orders: Pool First, Lurkers 

Get SALT Encoding   

  12  0:20  Spawning Pool  
  11  0:22  Drone  
  11  0:27  Drone  
  13  0:31  Drone  
  14  0:41  Overlord  
  14  1:07  Zergling x6  
  17  1:19  Zergling x2  
  17  1:21  Hatchery  
  17  1:30  Zergling x2  
  18  1:35  Queen  
  20  1:44  Zergling x2  
  21  1:51  Overlord  
  19  2:17  Queen  
  19  2:18  Drone x2  
  21  2:39  Queen  
  21  2:40  Drone x3  
  25  2:44  Spine Crawler  
  25  2:49  Drone  
  25  2:50  Drone  
  26  2:59  Queen  
  27  3:12  Drone  
  28  3:13  Drone x4  
  28  3:19  Overlord  
  32  3:29  Extractor  
  32  3:30  Extractor  
  32  3:31  Drone x2  
  32  3:43  Drone x3  
  35  3:51  Drone  
  35  3:53  Drone  
  35  3:54  Drone x3  
  40  4:09  Overlord  
  40  4:10  Drone x4  
  40  4:13  Extractor  
  43  4:21  Extractor  
  42  4:25  Drone x2  
  42  4:27  Overlord  
  42  4:29  Lair  
  44  4:36  Roach Warren  
  44  4:37  Evolution Chamber  
  42  4:40  Drone  
  42  4:41  Drone x4  
  47  4:48  Drone x3  
  50  4:57  Overlord x2  
  50  5:00  Drone x2  
  52  5:12  Overlord  
  52  5:13  Overlord  
  52  5:14  Overlord  
  52  5:19  Roach x3  
  58  5:29  Roach x4  
  58  5:33  Zerg Missile Weapons Level 1  
  66  5:36  Glial Reconstitution  
  66  5:50  Drone x3  
  66  5:54  Roach  
  71  6:06  Roach  
  71  6:07  Roach x5  
  83  6:12  Overlord x2  
  83  6:24  Ravager  
  84  6:31  Roach  
  84  6:32  Roach x3  
  81  6:46  Roach x5  
  79  6:58  Roach x3  
  78  7:06  Queen  
  80  7:12  Drone x2  
  82  7:22  Hatchery  
  81  7:25  Roach  
  81  7:26  Roach x7  
  97  7:36  Overlord  
  97  7:37  Overlord  
  97  7:42  Zerg Missile Weapons Level 2  
  97  7:52  Drone x3  
  97  7:57  Roach x2  
  104  8:00  Overseer  
  104  8:06  Roach  
  104  8:07  Roach x4  
  104  8:09  Ravager  
  104  8:10  Ravager  
  116  8:22  Overlord x2  
  116  8:34  Roach  
  116  8:35  Roach x2  
  107  8:49  Roach x10  
  120  9:05  Roach x4  
  98  9:22  Drone x2  
  98  9:23  Drone x5  
  105  9:38  Roach  
  105  9:39  Roach x3  
  105  9:44  Hydralisk Den  
  110  9:50  Spine Crawler  
  109  9:53  Roach  
  109  9:54  Roach x6  
  109  9:57  Overlord x2  
  109  9:58  Overlord  
  113  10:09  Roach x2  
  113  10:10  Roach x2  
  113  10:11  Zerg Ground Armor Level 1  
  113  10:13  Muscular Augments  
  121  10:19  Extractor, Drone x2  
  121  10:20  Extractor  
  121  10:21  Drone x3  
  121  10:26  Drone x2  
  121  10:27  Drone  
  121  10:28  Roach x5  
  137  10:35  Overlord x2  
  137  10:40  Hydralisk x2  
  137  10:41  Overseer  
  141  10:45  Overlord  
  141  10:47  Overlord  
  141  10:48  Overlord  
  141  10:51  Hydralisk  
  141  10:53  Hydralisk  
  145  10:59  Ravager  
  145  11:03  Ravager  
  148  11:04  Ravager  
  148  11:05  Hydralisk x3  
  148  11:06  Hydralisk  
  156  11:20  Hydralisk x5  
  166  11:30  Roach x4  
  174  11:44  Hydralisk  
  174  11:45  Hydralisk x5  
  184  12:00  Lurker Den  
  183  12:06  Roach  
  183  12:07  Roach x6  
  190  12:18  Overlord x2  
  190  12:41  Hydralisk  
  190  12:42  Hydralisk x8  
  190  12:43  Hydralisk  
  114  13:02  Roach  
  114  13:03  Roach x4  
  110  13:17  Roach x4  
  114  13:32  Lurker  
  114  13:33  Lurker x10  
  125  13:36  Roach x2  
  129  13:42  Queen  
  131  13:54  Hydralisk  
  127  14:06  Hatchery  
  124  14:16  Hydralisk x5  
  124  14:17  Hydralisk x5  
  142  14:42  Hydralisk  
  142  14:43  Hydralisk x6  
  142  14:45  Hydralisk  
  158  14:51  Drone  
  159  14:53  Drone  
  159  14:54  Drone x6  
  166  15:02  Infestation Pit  
  166  15:04  Roach x3  
  166  15:05  Roach  
  173  15:12  Overseer x2  
  173  15:23  Spore Crawler  
  173  15:24  Spore Crawler  
  173  15:27  Spore Crawler  
  170  15:36  Drone x2, Spore Crawler  
  170  15:37  Spore Crawler  
  170  15:39  Drone  
  170  15:40  Drone x2  
  170  15:41  Hydralisk  
  170  15:42  Hydralisk x3  
  181  15:45  Spore Crawler  
  181  15:47  Spore Crawler  
  179  15:52  Spore Crawler  
  162  16:29  Lair  
  154  16:36  Hydralisk x5  
  154  16:37  Hydralisk x4  
  154  16:49  Hydralisk x3  
  157  17:15  Hatchery  
  157  17:21  Roach x4  
  157  17:22  Roach x2  
  142  17:56  Hydralisk  
  142  17:57  Hydralisk x5  
Show
View Real Time Build Order
Export as new Build Order

syakainogomi Zerg 

Build Orders: Pool First 

Get SALT Encoding   

  12  0:00  Drone  
  13  0:08  Drone  
  14  0:19  Overlord  
  14  0:22  Extractor  
  14  0:23  Drone  
  15  0:38  Drone x2  
  17  0:44  Drone  
  18  0:51  Spawning Pool  
  18  0:56  Drone  
  18  1:11  Drone  
  19  1:16  Hatchery  
  18  1:35  Extractor  
  18  1:38  Queen, Zergling x6  
  23  1:47  Spine Crawler  
  23  1:49  Overlord  
  22  2:00  Spine Crawler, Zergling x2  
  22  2:12  Drone  
  20  2:17  Queen  
  22  2:28  Queen, Drone  
  25  2:35  Zergling x4  
  26  2:40  Drone  
  26  2:42  Drone  
  28  2:47  Drone x2  
  28  2:48  Drone  
  28  2:50  Drone  
  30  2:57  Drone  
  31  3:03  Drone  
  32  3:07  Queen  
  32  3:09  Drone  
  35  3:13  Extractor x2  
  35  3:16  Overlord  
  33  3:24  Drone  
  33  3:27  Overlord, Evolution Chamber  
  33  3:34  Drone x2  
  33  3:38  Queen  
  37  3:43  Drone  
  38  3:51  Drone  
  38  3:52  Roach Warren  
  38  3:58  Queen  
  39  4:04  Drone x2  
  39  4:06  Drone  
  39  4:09  Drone  
  42  4:14  Pneumatized Carapace  
  42  4:27  Drone x4  
  42  4:28  Drone x2  
  48  4:35  Overlord  
  48  4:41  Overlord  
  48  4:45  Zerg Missile Weapons Level 1  
  48  4:53  Overlord  
  48  4:56  Roach x4  
  48  4:58  Roach  
  58  5:00  Roach  
  60  5:10  Roach  
  60  5:14  Queen, Overlord  
  62  5:20  Roach x3  
  70  5:25  Roach x2  
  74  5:29  Overlord  
  74  5:33  Roach  
  74  5:34  Roach  
  78  5:53  Hatchery  
  78  5:54  Lair  
  77  6:00  Drone x5  
  82  6:09  Drone x5  
  87  6:20  Drone x2  
  79  6:50  Drone x3  
  78  6:56  Extractor x2  
  78  6:58  Zerg Ground Armor Level 1  
  78  6:59  Glial Reconstitution  
  66  7:06  Drone x2  
  66  7:07  Drone x6  
  72  7:15  Evolution Chamber, Hydralisk Den  
  71  7:18  Drone x2  
  71  7:19  Drone  
  71  7:20  Queen  
  75  7:23  Overlord x2  
  75  7:29  Drone x4  
  79  7:38  Overlord  
  79  7:39  Extractor, Overlord x4  
  78  7:47  Muscular Augments  
  78  7:48  Zerg Missile Weapons Level 2  
  80  7:51  Roach x2  
  80  7:52  Roach  
  84  7:58  Extractor  
  84  8:02  Roach x3  
  84  8:03  Roach x5  
  99  8:06  Roach  
  99  8:10  Spore Crawler  
  100  8:14  Roach x2  
  100  8:15  Roach  
  106  8:22  Roach  
  108  8:30  Roach x2  
  108  8:31  Roach  
  108  8:32  Roach  
  108  8:33  Roach x5  
  120  8:39  Roach  
  111  8:54  Roach  
  111  8:55  Roach x5  
  123  9:01  Hatchery  
  123  9:02  Roach x2  
  124  9:06  Roach x2  
  124  9:08  Roach  
  112  9:14  Roach  
  104  9:20  Roach  
  106  9:24  Queen  
  106  9:25  Roach  
  106  9:26  Zerg Ground Armor Level 2  
  110  9:32  Roach  
  110  9:36  Drone  
  113  9:40  Roach  
  115  9:49  Roach x2  
  107  10:10  Roach x2  
  107  10:11  Roach x5  
  121  10:19  Drone  
  121  10:21  Drone  
  123  10:22  Queen, Drone  
  123  10:23  Drone x2  
  123  10:27  Drone  
  123  10:28  Drone  
  130  10:38  Hydralisk x3  
  136  10:47  Roach x2  
  144  10:50  Roach x3  
  144  10:55  Hydralisk x4  
  154  11:04  Spore Crawler  
  154  11:05  Infestation Pit  
  154  11:10  Spine Crawler  
  151  11:11  Hatchery  
  151  11:12  Extractor  
  151  11:13  Spine Crawler  
  151  11:17  Hydralisk x2  
  151  11:18  Hydralisk  
  154  11:20  Overlord x2  
  154  11:21  Overlord x3  
  154  11:27  Overlord x2  
  154  11:42  Roach x7  
  168  11:56  Roach x3  
  168  11:57  Roach  
  176  12:05  Roach  
  176  12:06  Roach x5  
  186  12:23  Roach  
  186  12:24  Roach x6  
  146  12:53  Roach x5  
  146  12:54  Roach x4  
  142  12:59  Spire, Hive  
  121  13:06  Roach x4  
  121  13:08  Roach  
  121  13:09  Roach  
  121  13:11  Roach  
  127  13:25  Drone x3  
  130  13:32  Roach x6  
  142  13:35  Overseer  
  142  13:37  Ravager x4  
  142  13:41  Drone x2  
  148  14:01  Overlord x4  
  138  14:14  Mutalisk  
  138  14:15  Mutalisk x7  
  150  14:18  Overseer x2  
  150  14:26  Spine Crawler, Mutalisk  
  150  14:27  Mutalisk  
  153  14:33  Zerg Flyer Weapons Level 1  
  153  14:34  Spore Crawler  
  153  14:36  Drone  
  153  14:37  Spine Crawler  
  152  14:42  Mutalisk x2  
  156  14:51  Roach x4  
  164  15:03  Drone x2  
  166  15:11  Hatchery  
  157  15:27  Mutalisk x7  
  157  15:28  Mutalisk  
  97  16:42  Roach x11  
  113  16:56  Roach x3  
  113  16:57  Roach x17  
  113  17:00  Overseer  
  151  17:03  Overseer x3  
  151  17:09  Roach  
  151  17:10  Roach x4  
  159  17:23  Ultralisk Cavern  
  159  17:26  Roach x2  
  159  17:27  Hydralisk  
  160  17:38  Roach  
  80  17:59  Mutalisk x3  
  80  18:00  Mutalisk x8  
  80  18:02  Zergling x6  
  80  18:03  Zergling x2  
Tags
 
Composition
Lurkers
Matchup
ZvZ
Race
Zerg
Spawn Locations
Cross Positions
Add a new tag
Caveats
  • Supply blocks, unpowered buildings, or Contaminate may cause inaccurate times.
  • Supply counts are checked every 10 seconds.